Penguins vs Predators

Created - 11 décembre 2016 at 06:44

Goals
1 2 3 OT1 SO T
Penguins 0 1 0 0 1 2
Predators 0 1 0 0 0 1
Shots
1 2 3 OT1 SO T
Penguins 14 7 14 0 5 35
Predators 13 13 2 1 5 29

1st period

No Goal

Penalties :
Dion Phaneuf (Pit) for Hooking (Minor) at 13:49, Simon Gagné (Pit) for Hooking (Minor) at 16:37

2nd period

1. Predators , Alexander Steen 8 (Frans Nielsen, Christian Ehrhoff) at 12:28
2. Penguins , Nikita Alexeev 5 (Steve Sullivan, Sean Zimmerman) at 13:46

Penalties :
Brian Elliott (Pit) for Slashing (Minor) at 7:27 - Brian McGrattan served the penalty, Adam Burish (Nas) for Tripping (Minor) at 16:18

3rd period

No Goal

Penalties :
Nathan Horton (Pit) for Tripping (Minor) at 7:57, Byron Bitz (Nas) for Hooking (Minor) at 15:39, Byron Bitz (Nas) for Holding (Minor) at 19:09

Overtime #1

No Goal

Penalties :
No Penalty

Shootout

Penalty Shot by Max Pacioretty for Penguins - Stopped by Steve Mason
Penalty Shot by Alexander Steen for Predators - Stopped by Brian Elliott
Penalty Shot by Bobby Ryan for Penguins - Stopped by Steve Mason
Penalty Shot by Andy Miele for Predators - Stopped by Brian Elliott
Penalty Shot by Nathan Horton for Penguins - Shot Misses the Net
Penalty Shot by Ryan Kesler for Predators - Stopped by Brian Elliott
Penalty Shot by Steven Stamkos for Penguins - Shot Misses the Net
Penalty Shot by David Jones for Predators - Shot Misses the Net
Penalty Shot by Simon Gagné for Penguins - Goal!
Penalty Shot by Christian Ehrhoff for Predators - Shot Misses the Net

Penalties :
No Penalty

Goalie Stats

Brian Elliott (Pit), 28 saves from 29 shots - (0,966), W, 12-3-1, 65:00 minutes
Steve Mason (Nas), 34 saves from 35 shots - (0,971), OTL, 4-4-2, 65:00 minutes

Players Stats for Penguins

Player Name              G  A  P  +/- PIM S  H  SB GA TA FO     MP     PP MP  PK MP  
------------------------------------------------------------------------------------
Bobby Ryan               0  0  0   0  0   1  2  0  1  0  0/0    22:44   2:55   1:50 
Brayden Schenn           0  0  0   1  0   0  0  1  0  0  6/14   12:01   0:00   4:06 
Brian McGrattan          0  0  0  -1  0   2  2  0  0  0  0/0    11:15   0:00   0:00 
Derek Joslin             0  0  0   0  0   0  0  1  0  0  0/0    12:49   0:00   0:43 
Dion Phaneuf             0  0  0   1  2   2  1  1  1  0  0/0    29:30   3:11   3:46 
Duncan Keith             0  0  0  -1  0   1  1  1  1  0  0/0    22:20   1:37   2:55 
Dustin Penner            0  0  0   0  0   0  2  1  0  1  0/0    18:24   1:53   2:19 
Josef Vasicek            0  0  0  -1  0   4  2  0  2  0  3/4    14:33   0:00   2:02 
Luke Schenn              0  0  0  -1  0   2  1  1  1  1  0/0    23:20   1:37   3:27 
Max Pacioretty           0  0  0   0  0   1  3  0  0  0  1/1    20:19   2:55   0:49 
Nathan Horton            0  0  0   0  2   0  3  0  0  0  1/1    18:08   1:53   2:58 
Nikita Alexeev           1  0  1   1  0   2  1  0  1  1  0/0     7:03   0:00   0:00 
Paul Ranger              0  0  0   0  0   1  1  2  0  0  0/0    11:54   0:00   0:00 
Sam Gagner               0  0  0   0  0   5  1  0  0  1  7/15   17:53   1:53   1:48 
Sean Zimmerman           0  1  1   1  0   4  0  2  0  2  0/0    30:18   3:11   5:01 
Simon Gagné              0  0  0  -1  2   3  0  0  0  0  0/0    11:34   0:00   0:00 
Steve Sullivan           0  1  1   1  0   1  0  0  0  0  0/0     7:03   0:00   0:00 
Steven Stamkos           0  0  0   0  0   6  1  0  2  1  14/30  20:53   2:55   0:00 

Players Stats for Predators

Player Name              G  A  P  +/- PIM S  H  SB GA TA FO     MP     PP MP  PK MP  
------------------------------------------------------------------------------------
Adam Burish              0  0  0   0  2   2  1  0  0  0  0/0    21:12   3:45   0:00 
Alexander Edler          0  0  0   0  0   3  1  0  0  2  0/0    29:54   4:39   3:42 
Alexander Ovechkin       0  0  0   0  0   0  2  0  3  0  0/1    11:44   3:09   0:00 
Alexander Steen          1  0  1   0  0   5  2  0  1  1  0/2    18:38   3:48   1:44 
Andy Miele               0  0  0   0  0   1  0  1  1  0  1/2     8:49   0:00   0:00 
Barret Jackman           0  0  0   0  0   0  0  3  1  1  0/0    12:19   0:00   0:00 
Brett Clark              0  0  0   0  0   0  1  0  0  0  0/0    14:24   0:00   2:15 
Byron Bitz               0  0  0   0  4   8  2  0  0  0  1/1    21:57   4:06   1:07 
Christian Ehrhoff        0  1  1   0  0   1  4  0  0  1  0/0    20:42   3:17   0:00 
David Jones              0  0  0   0  0   4  1  0  1  0  2/5    16:46   0:29   2:51 
Frans Nielsen            0  1  1   0  0   2  3  0  0  0  7/12   17:18   3:48   1:31 
James Van Riemsdyk       0  0  0   0  0   1  3  0  0  0  0/0    12:17   0:00   0:37 
John Moore               0  0  0   0  0   0  0  1  0  1  0/0    22:47   3:17   2:15 
Kris Vernarsky           0  0  0   0  0   1  3  0  0  0  4/8    15:38   0:37   0:00 
Ryan Kesler              0  0  0   0  0   1  1  3  0  0  18/34  22:03   4:06   2:55 
Ryan Mcdonagh            0  0  0   0  0   0  2  2  0  2  0/0    29:54   4:39   3:42 
Shane Doan               0  0  0   0  0   0  1  0  0  0  0/0     8:49   0:00   0:00 
Steve Begin              0  0  0   0  0   0  1  0  0  1  0/0     8:49   0:00   0:00 

3 Stars

1 - Steve Mason (Nas)
2 - Brian Elliott (Pit)
3 - Nikita Alexeev (Pit)

Power Play

Penguins - 0 on 3 Attempt(s) - 0,00%
Predators - 0 on 4 Attempt(s) - 0,00%

Penalty Kill

Penguins - 4 on 4 Attempt(s) - 100,00% - Score 0 goal in Penalty Kill
Predators - 3 on 3 Attempt(s) - 100,00% - Score 0 goal in Penalty Kill

Team Stat

Penguins - Hits : 21 - Faceoff Wins : 32 - Blocked Shots : 10 - Penalty Minutes : 6
Predators - Hits : 28 - Faceoff Wins : 33 - Blocked Shots : 10 - Penalty Minutes : 6

Official

Referees : Fraser Kerry and StPierre Justin
Linesman : Tony Sericolo and Ryan Galloway

Game Notes

Alexander Ovechkin is injured at 11:06 of 2nd period (Right Leg)

Finance

Level 1 -- Attendance: 5528 (92,13%) -- Ticket Income 469 880 $
Level 2 -- Attendance: 5000 (100,00%) -- Ticket Income 250 000 $
Level 3 -- Attendance: 2000 (100,00%) -- Ticket Income 60 000 $
Level 4 -- Attendance: 3142 (78,55%) -- Ticket Income 75 408 $
Luxury Box -- Attendance: 777 (77,70%) -- Ticket Income 135 975 $
Game was played at the Wildcat center.
Total Attendance: 16447 (91,37%)
Total Ticket Income: 991 263 $
Other Income: 148 689 $
Total Income: 1 139 952 $

Penguins

5 vs 5 Forward 
   Center                   Left Wing                Right Wing               Time % Phy DF OF 
 1 Steven Stamkos           Max Pacioretty           Bobby Ryan               40     0   2  3  
 2 Sam Gagner               Dustin Penner            Nathan Horton            30     0   2  3  
 3 Josef Vasicek            Simon Gagné              Brian McGrattan          20     0   2  3  
 4 Brayden Schenn           Steve Sullivan           Nikita Alexeev           10     0   2  3  

5 vs 5 Defense 
   Defense                  Defense                                           Time % Phy DF OF 
 1 Sean Zimmerman           Dion Phaneuf                                      45     1   2  2  
 2 Luke Schenn              Duncan Keith                                      33     1   2  2  
 3 Paul Ranger              Derek Joslin                                      22     1   2  2  
 4 Luke Schenn              Dion Phaneuf                                      0      1   2  2  

PowerPlay Forward 
   Center                   Left Wing                Right Wing               Time % Phy DF OF 
 1 Steven Stamkos           Max Pacioretty           Bobby Ryan               60     0   1  4  
 2 Sam Gagner               Dustin Penner            Nathan Horton            40     0   1  4  

PowerPlay Defense
   Defense                  Defense                                           Time % Phy DF OF 
 1 Sean Zimmerman           Dion Phaneuf                                      60     0   2  3  
 2 Luke Schenn              Duncan Keith                                      40     0   2  3  

Penalty Kill 4 Players Forward 
   Center                   Wing                     Time % Phy DF OF 
 1 Brayden Schenn           Nathan Horton            60     0   4  1  
 2 Josef Vasicek            Bobby Ryan               40     0   4  1  

Penalty Kill 4 Players Defense
   Defense                  Defense                  Time % Phy DF OF 
 1 Sean Zimmerman           Dion Phaneuf             60     1   4  0  
 2 Luke Schenn              Duncan Keith             40     1   4  0  

Penalty Kill - 3 Players Forward 
   Forward                                           Time % Phy DF OF 
 1 Nathan Horton                                     60     0   4  1  
 2 Bobby Ryan                                        40     0   4  1  

Penalty Kill - 3 Players Defense
   Defense                  Defense                  Time % Phy DF OF 
 1 Sean Zimmerman           Dion Phaneuf             60     1   4  0  
 2 Luke Schenn              Duncan Keith             40     1   4  0  

4 vs 4 Forward 
   Center                   Wing                     Time % Phy DF OF 
 1 Steven Stamkos           Bobby Ryan               60     0   2  3  
 2 Sam Gagner               Nathan Horton            40     0   2  3  

4 vs 4 Defense
   Defense                  Defense                  Time % Phy DF OF 
 1 Sean Zimmerman           Dion Phaneuf             60     1   2  2  
 2 Luke Schenn              Duncan Keith             40     1   2  2  

Last Minutes Offensive
   Center                   Left Wing                Right Wing               Defense                  Defense                  
   Steven Stamkos           Max Pacioretty           Bobby Ryan               Sean Zimmerman           Dion Phaneuf             

Last Minutes Defensive
   Center                   Left Wing                Right Wing               Defense                  Defense                  
   Brayden Schenn           Simon Gagné              Nathan Horton            Sean Zimmerman           Dion Phaneuf             

Goaltenders
Starting : Brian Elliott            
Backup : Josh Tordjman            

Extra Forwards
Normal : Steven Stamkos, Sam Gagner, Josef Vasicek - PP : Steven Stamkos, Sam Gagner - PK : Nathan Horton
Extra Defensemen
Normal : Dion Phaneuf, Duncan Keith, Paul Ranger - PP : Derek Joslin - PK : Sean Zimmerman, Luke Schenn
Penalty Shots
Max Pacioretty, Bobby Ryan, Nathan Horton, Steven Stamkos, Simon Gagné

Predators

5 vs 5 Forward 
   Center                   Left Wing                Right Wing               Time % Phy DF OF 
 1 Ryan Kesler              Alexander Ovechkin       Byron Bitz               40     1   2  2  
 2 Frans Nielsen            Alexander Steen          Adam Burish              30     1   2  2  
 3 Kris Vernarsky           James Van Riemsdyk       David Jones              20     1   2  2  
 4 Andy Miele               Steve Begin              Shane Doan               10     1   2  2  

5 vs 5 Defense 
   Defense                  Defense                                           Time % Phy DF OF 
 1 Alexander Edler          Ryan Mcdonagh                                     40     1   2  2  
 2 Christian Ehrhoff        John Moore                                        30     1   2  2  
 3 Barret Jackman           Brett Clark                                       20     1   2  2  
 4 Alexander Edler          Ryan Mcdonagh                                     10     1   2  2  

PowerPlay Forward 
   Center                   Left Wing                Right Wing               Time % Phy DF OF 
 1 Ryan Kesler              Alexander Ovechkin       Byron Bitz               60     0   0  5  
 2 Frans Nielsen            Alexander Steen          Adam Burish              40     0   0  5  

PowerPlay Defense
   Defense                  Defense                                           Time % Phy DF OF 
 1 Ryan Mcdonagh            Alexander Edler                                   60     1   1  3  
 2 Christian Ehrhoff        John Moore                                        40     1   1  3  

Penalty Kill 4 Players Forward 
   Center                   Wing                     Time % Phy DF OF 
 1 Ryan Kesler              Byron Bitz               60     1   2  2  
 2 Alexander Ovechkin       Adam Burish              40     1   2  2  

Penalty Kill 4 Players Defense
   Defense                  Defense                  Time % Phy DF OF 
 1 Alexander Edler          Ryan Mcdonagh            60     2   2  1  
 2 John Moore               Brett Clark              40     1   3  1  

Penalty Kill - 3 Players Forward 
   Forward                                           Time % Phy DF OF 
 1 Byron Bitz                                        60     1   3  1  
 2 Frans Nielsen                                     40     1   3  1  

Penalty Kill - 3 Players Defense
   Defense                  Defense                  Time % Phy DF OF 
 1 Alexander Edler          Ryan Mcdonagh            60     2   3  0  
 2 John Moore               Brett Clark              40     1   4  0  

4 vs 4 Forward 
   Center                   Wing                     Time % Phy DF OF 
 1 Alexander Ovechkin       Byron Bitz               60     1   2  2  
 2 Ryan Kesler              Adam Burish              40     1   2  2  

4 vs 4 Defense
   Defense                  Defense                  Time % Phy DF OF 
 1 Alexander Edler          Ryan Mcdonagh            60     1   2  2  
 2 Christian Ehrhoff        John Moore               40     1   2  2  

Last Minutes Offensive
   Center                   Left Wing                Right Wing               Defense                  Defense                  
   Ryan Kesler              Alexander Ovechkin       Byron Bitz               Alexander Edler          Ryan Mcdonagh            

Last Minutes Defensive
   Center                   Left Wing                Right Wing               Defense                  Defense                  
   Ryan Kesler              Frans Nielsen            Byron Bitz               Ryan Mcdonagh            Brett Clark              

Goaltenders
Starting : Steve Mason              
Backup : Maxime Daigneault        

Extra Forwards
Normal : Adam Burish, Kris Vernarsky, David Jones - PP : Adam Burish, Kris Vernarsky - PK : David Jones
Extra Defensemen
Normal : Barret Jackman, John Moore, Brett Clark - PP : Barret Jackman - PK : John Moore, Brett Clark
Penalty Shots
Alexander Steen, Andy Miele, Alexander Ovechkin, David Jones, Christian Ehrhoff

% Time on Ice - Penguins

Lines # - Real PCT - Wanted PCT - Time Play
Normal Forward
1 - 35% - 40% - 16:45
2 - 26% - 30% - 12:13
3 - 24% - 20% - 11:15
4 - 15% - 10% - 7:03
Normal Defense
1 - 42% - 45% - 19:43
2 - 34% - 33% - 16:09
3 - 23% - 22% - 10:56
4 - 1% - 0% - 0:28
PP Forward
1 - 61% - 60% - 2:55
2 - 39% - 40% - 1:53
PP Defense
1 - 66% - 60% - 3:11
2 - 34% - 40% - 1:37
PK Forward
1 - 77% - 60% - 6:06
2 - 23% - 40% - 1:50
PK Defense
1 - 63% - 60% - 5:01
2 - 37% - 40% - 2:55
PK3 Forward
1 - 0% - 60%
2 - 0% - 40%
PK3 Defense
1 - 0% - 60%
2 - 0% - 40%
44 Forward
1 - 79% - 60% - 3:58
2 - 21% - 40% - 1:02
44 Defense
1 - 67% - 60% - 3:21
2 - 33% - 40% - 1:39
Last Minute Offensive  - 0:00
Last Minute Defensive  - 0:00
Total
Forward - 65:00
Defense - 65:00

% Time on Ice - Predators

Lines # - Real PCT - Wanted PCT - Time Play
Normal Forward
1 - 34% - 40% - 15:58
2 - 24% - 30% - 11:10
3 - 24% - 20% - 11:19
4 - 19% - 10% - 8:49
Normal Defense
1 - 38% - 40% - 18:08
2 - 34% - 30% - 16:07
3 - 23% - 20% - 11:06
4 - 4% - 10% - 1:55
PP Forward
1 - 58% - 60% - 4:35
2 - 42% - 40% - 3:21
PP Defense
1 - 59% - 60% - 4:39
2 - 41% - 40% - 3:17
PK Forward
1 - 86% - 60% - 4:08
2 - 14% - 40% - 0:40
PK Defense
1 - 64% - 60% - 3:04
2 - 36% - 40% - 1:44
PK3 Forward
1 - 100% - 60% - 1:09
2 - 0% - 40% - 0:00
PK3 Defense
1 - 55% - 60% - 0:38
2 - 45% - 40% - 0:31
44 Forward
1 - 100% - 60% - 3:51
2 - 0% - 40% - 0:00
44 Defense
1 - 58% - 60% - 2:15
2 - 42% - 40% - 1:36
Last Minute Offensive  - 0:00
Last Minute Defensive  - 0:00
Total
Forward - 65:00
Defense - 65:00

Play by Play

1st period


0:01 of 1st period - Steven Stamkos wins face-off versus Ryan Kesler in neutral zone.
0:32 of 1st period - Nathan Horton is hit by Frans Nielsen and loses puck.
0:49 of 1st period - Simon Gagné is hit by Kris Vernarsky and loses puck.
1:02 of 1st period - Ryan Mcdonagh is hit by Brian McGrattan and loses puck.
1:09 of 1st period - Simon Gagné is hit by Kris Vernarsky and loses puck.
1:16 of 1st period - Wrist shot by David Jones.
1:16 of 1st period - Stopped by Brian Elliott without a rebound.
1:17 of 1st period - Ryan Kesler wins face-off versus Steven Stamkos in Penguins zone.
1:30 of 1st period - Steven Stamkos is hit by Christian Ehrhoff and loses puck.
1:51 of 1st period - Snap shot by Sam Gagner.
1:51 of 1st period - Stopped by Steve Mason with a rebound.
2:21 of 1st period - Slapshot by Byron Bitz.
2:21 of 1st period - Shot Misses the Net.
2:23 of 1st period - Snap shot by Byron Bitz.
2:23 of 1st period - Stopped by Brian Elliott without a rebound.
2:24 of 1st period - Frans Nielsen wins face-off versus Steven Stamkos in Penguins zone.
2:27 of 1st period - Wrist shot by Alexander Steen.
2:27 of 1st period - Stopped by Brian Elliott without a rebound.
2:28 of 1st period - Frans Nielsen wins face-off versus Steven Stamkos in Penguins zone.
2:31 of 1st period - Snap shot by Alexander Steen.
2:31 of 1st period - Shot Misses the Net.
2:41 of 1st period - Alexander Steen is hit by Bobby Ryan.
2:45 of 1st period - Snap shot by Steven Stamkos.
2:45 of 1st period - Stopped by Steve Mason with a rebound.
2:55 of 1st period - Snap shot by Andy Miele.
2:55 of 1st period - Stopped by Brian Elliott with a rebound.
3:59 of 1st period - Slapshot by Steven Stamkos.
3:59 of 1st period - Stopped by Steve Mason with a rebound.
4:01 of 1st period - Slapshot by Paul Ranger.
4:01 of 1st period - Shot Hit the Post.
4:03 of 1st period - Wrist shot by Steven Stamkos.
4:03 of 1st period - Shot Misses the Net.
4:05 of 1st period - Snap shot by Max Pacioretty.
4:05 of 1st period - Stopped by Steve Mason with a rebound.
4:19 of 1st period - Wrist shot by Byron Bitz.
4:19 of 1st period - Stopped by Brian Elliott without a rebound.
4:20 of 1st period - Sam Gagner wins face-off versus Ryan Kesler in Penguins zone.
5:06 of 1st period - Snap shot by Alexander Ovechkin.
5:06 of 1st period - Shot Blocked by Sean Zimmerman.
5:08 of 1st period - Slapshot by John Moore.
5:08 of 1st period - Shot Misses the Net.
5:10 of 1st period - Slapshot by Christian Ehrhoff.
5:10 of 1st period - Stopped by Brian Elliott without a rebound.
5:11 of 1st period - Frans Nielsen wins face-off versus Steven Stamkos in Penguins zone.
5:32 of 1st period - Slapshot by Alexander Edler.
5:32 of 1st period - Stopped by Brian Elliott without a rebound.
5:33 of 1st period - David Jones wins face-off versus Josef Vasicek in Penguins zone.
5:46 of 1st period - Paul Ranger is hit by Ryan Mcdonagh and loses puck.
6:23 of 1st period - Frans Nielsen is hit by Nathan Horton and loses puck.
6:32 of 1st period - Wrist shot by Nathan Horton.
6:32 of 1st period - Deflect By Sam Gagner.
6:32 of 1st period - Deflect By Alexander Edler.
6:32 of 1st period - Stopped by Steve Mason without a rebound.
6:33 of 1st period - Byron Bitz wins face-off versus Steven Stamkos in Predators zone.
7:11 of 1st period - Slapshot by Josef Vasicek.
7:11 of 1st period - Shot Blocked by Barret Jackman.
7:20 of 1st period - Off-side.
7:21 of 1st period - Andy Miele wins face-off versus Brayden Schenn in neutral zone.
7:54 of 1st period - Snap shot by Steven Stamkos.
7:54 of 1st period - Stopped by Steve Mason with a rebound.
8:25 of 1st period - Icing by Duncan Keith.
8:26 of 1st period - Frans Nielsen wins face-off versus Sam Gagner in Penguins zone.
8:27 of 1st period - Snap shot by Adam Burish.
8:27 of 1st period - Shot Misses the Net.
9:07 of 1st period - Dion Phaneuf is hit by Brett Clark.
9:19 of 1st period - Slapshot by Dion Phaneuf.
9:19 of 1st period - Deflect By Josef Vasicek.
9:19 of 1st period - Stopped by Steve Mason with a rebound.
9:33 of 1st period - Snap shot by Brian McGrattan.
9:33 of 1st period - Shot Blocked by Barret Jackman.
9:35 of 1st period - Backhand shot by Sean Zimmerman.
9:35 of 1st period - Stopped by Steve Mason with a rebound.
9:37 of 1st period - Wrist shot by Josef Vasicek.
9:37 of 1st period - Stopped by Steve Mason with a rebound.
9:39 of 1st period - Snap shot by Sean Zimmerman.
9:39 of 1st period - Shot Misses the Net.
9:41 of 1st period - Wrist shot by Josef Vasicek.
9:41 of 1st period - Stopped by Steve Mason with a rebound.
9:43 of 1st period - Slapshot by Dion Phaneuf.
9:43 of 1st period - Stopped by Steve Mason without a rebound.
9:44 of 1st period - Steven Stamkos wins face-off versus Frans Nielsen in Predators zone.
10:09 of 1st period - Dustin Penner is hit by James Van Riemsdyk and loses puck.
11:34 of 1st period - Slapshot by Simon Gagné.
11:34 of 1st period - Shot Misses the Net.
11:36 of 1st period - Wrist shot by Simon Gagné.
11:36 of 1st period - Stopped by Steve Mason without a rebound.
11:37 of 1st period - Josef Vasicek wins face-off versus Frans Nielsen in Predators zone.
11:38 of 1st period - Wrist shot by Simon Gagné.
11:38 of 1st period - Shot Blocked by Ryan Mcdonagh.
11:44 of 1st period - Duncan Keith is hit by Adam Burish.
12:00 of 1st period - Icing by Duncan Keith.
12:01 of 1st period - Ryan Kesler wins face-off versus Steven Stamkos in Penguins zone.
12:26 of 1st period - Bobby Ryan is hit by James Van Riemsdyk and loses puck.
12:55 of 1st period - Alexander Steen is hit by Nathan Horton and loses puck.
13:01 of 1st period - Off-side.
13:02 of 1st period - Sam Gagner wins face-off versus Alexander Ovechkin in neutral zone.
13:17 of 1st period - Byron Bitz is hit by Dustin Penner and loses puck.
13:34 of 1st period - Snap shot by Frans Nielsen.
13:34 of 1st period - Stopped by Brian Elliott without a rebound.
13:35 of 1st period - Frans Nielsen wins face-off versus Brayden Schenn in Penguins zone.
13:40 of 1st period - Wrist shot by Alexander Steen.
13:40 of 1st period - Shot Misses the Net.
13:44 of 1st period - Snap shot by Frans Nielsen.
13:44 of 1st period - Stopped by Brian Elliott without a rebound.
13:45 of 1st period - Frans Nielsen wins face-off versus Brayden Schenn in Penguins zone.
13:49 of 1st period - Minor Penalty to Dion Phaneuf for Hooking.
13:50 of 1st period - Brayden Schenn wins face-off versus Ryan Kesler in Penguins zone.
14:02 of 1st period - Snap shot by Byron Bitz.
14:02 of 1st period - Stopped by Brian Elliott with a rebound.
14:04 of 1st period - Snap shot by Alexander Edler.
14:04 of 1st period - Shot Blocked by Sean Zimmerman.
14:48 of 1st period - Dustin Penner is hit by Ryan Kesler and loses puck.
15:03 of 1st period - Duncan Keith is hit by Alexander Ovechkin and loses puck.
15:14 of 1st period - Josef Vasicek is hit by Frans Nielsen and loses puck.
15:49 of 1st period - Penalty to Dion Phaneuf is over, Dion Phaneuf is back on ice.
16:31 of 1st period - Wrist shot by James Van Riemsdyk.
16:31 of 1st period - Stopped by Brian Elliott with a rebound.
16:37 of 1st period - Minor Penalty to Simon Gagné for Hooking.
16:38 of 1st period - Ryan Kesler wins face-off versus Brayden Schenn in Penguins zone.
16:41 of 1st period - Wrist shot by Byron Bitz.
16:41 of 1st period - Stopped by Brian Elliott without a rebound.
16:42 of 1st period - Ryan Kesler wins face-off versus Brayden Schenn in Penguins zone.
16:43 of 1st period - Slapshot by Byron Bitz.
16:43 of 1st period - Stopped by Brian Elliott with a rebound.
17:39 of 1st period - Snap shot by Josef Vasicek.
17:39 of 1st period - Shot Misses the Net.
18:37 of 1st period - Penalty to Simon Gagné is over, Simon Gagné is back on ice.
18:44 of 1st period - Snap shot by David Jones.
18:44 of 1st period - Shot Misses the Net.
19:02 of 1st period - Slapshot by Bobby Ryan.
19:02 of 1st period - Shot Misses the Net.
19:04 of 1st period - Snap shot by Sean Zimmerman.
19:04 of 1st period - Deflect By Steven Stamkos.
19:04 of 1st period - Stopped by Steve Mason with a rebound.
19:06 of 1st period - Wrist shot by Dion Phaneuf.
19:06 of 1st period - Shot Misses the Net.
19:08 of 1st period - Wrist shot by Sean Zimmerman.
19:08 of 1st period - Stopped by Steve Mason without a rebound.
19:09 of 1st period - Steven Stamkos wins face-off versus Kris Vernarsky in Predators zone.
19:18 of 1st period - Kris Vernarsky is hit by Max Pacioretty and loses puck.
19:33 of 1st period - John Moore is hit by Josef Vasicek.
Goals for this period are 0 for Penguins vs 0 for Predators.
Shots for this period are 14 for Penguins vs 13 for Predators.

2nd period


0:01 of 2nd period - Ryan Kesler wins face-off versus Sam Gagner in neutral zone.
1:00 of 2nd period - Slapshot by Sean Zimmerman.
1:00 of 2nd period - Deflect By David Jones.
1:00 of 2nd period - Stopped by Steve Mason with a rebound.
1:36 of 2nd period - Slapshot by Dustin Penner.
1:36 of 2nd period - Shot Blocked by Ryan Kesler.
1:38 of 2nd period - Slapshot by Luke Schenn.
1:38 of 2nd period - Stopped by Steve Mason with a rebound.
2:06 of 2nd period - Max Pacioretty is hit by Frans Nielsen and loses puck.
2:18 of 2nd period - Off-side.
2:19 of 2nd period - Josef Vasicek wins face-off versus Kris Vernarsky in neutral zone.
2:26 of 2nd period - Snap shot by Josef Vasicek.
2:26 of 2nd period - Deflect By Simon Gagné.
2:26 of 2nd period - Shot Misses the Net.
2:26 of 2nd period - Puck is out of play.
2:27 of 2nd period - Ryan Kesler wins face-off versus Sam Gagner in Predators zone.
2:32 of 2nd period - Slapshot by Ryan Mcdonagh.
2:32 of 2nd period - Deflect By Byron Bitz.
2:32 of 2nd period - Shot Misses the Net.
2:32 of 2nd period - Puck is out of play.
2:33 of 2nd period - Sam Gagner wins face-off versus Ryan Kesler in Penguins zone.
2:33 of 2nd period - Sam Gagner is hit by Ryan Mcdonagh.
2:59 of 2nd period - Frans Nielsen is hit by Bobby Ryan and loses puck.
3:42 of 2nd period - Slapshot by Ryan Mcdonagh.
3:42 of 2nd period - Shot Blocked by Luke Schenn.
3:48 of 2nd period - Slapshot by Alexander Edler.
3:48 of 2nd period - Shot Misses the Net.
3:50 of 2nd period - Slapshot by Ryan Mcdonagh.
3:50 of 2nd period - Shot Blocked by Duncan Keith.
3:52 of 2nd period - Snap shot by Andy Miele.
3:52 of 2nd period - Shot Blocked by Brayden Schenn.
3:59 of 2nd period - Icing by Luke Schenn.
4:00 of 2nd period - Ryan Kesler wins face-off versus Sam Gagner in Penguins zone.
4:11 of 2nd period - Wrist shot by Nathan Horton.
4:11 of 2nd period - Shot Misses the Net.
4:14 of 2nd period - Icing by Alexander Ovechkin.
4:15 of 2nd period - Steven Stamkos wins face-off versus Ryan Kesler in Predators zone.
4:42 of 2nd period - Nathan Horton is hit by Alexander Steen and loses puck.
5:31 of 2nd period - Snap shot by Steve Begin.
5:31 of 2nd period - Shot Misses the Net.
5:34 of 2nd period - Icing by Luke Schenn.
5:35 of 2nd period - Max Pacioretty wins face-off versus Ryan Kesler in Penguins zone.
5:35 of 2nd period - Max Pacioretty is hit by Byron Bitz.
6:50 of 2nd period - Snap shot by Sam Gagner.
6:50 of 2nd period - Shot Misses the Net.
6:52 of 2nd period - Slapshot by Sam Gagner.
6:52 of 2nd period - Stopped by Steve Mason without a rebound.
6:53 of 2nd period - Frans Nielsen wins face-off versus Sam Gagner in Predators zone.
7:27 of 2nd period - Slapshot by David Jones.
7:27 of 2nd period - Deflect By Kris Vernarsky.
7:27 of 2nd period - Stopped by Brian Elliott without a rebound.
7:27 of 2nd period - Minor Penalty to Brian Elliott for Slashing.
7:28 of 2nd period - Brayden Schenn wins face-off versus Ryan Kesler in Penguins zone.
7:59 of 2nd period - Snap shot by Alexander Steen.
7:59 of 2nd period - Stopped by Brian Elliott with a rebound.
9:05 of 2nd period - Duncan Keith is hit by Alexander Ovechkin and loses puck.
9:16 of 2nd period - Adam Burish is hit by Duncan Keith.
9:27 of 2nd period - Penalty to Brian McGrattan is over, Brian McGrattan is back on ice.
9:31 of 2nd period - Off-side.
9:32 of 2nd period - Kris Vernarsky wins face-off versus Steven Stamkos in neutral zone.
9:34 of 2nd period - Off-side.
9:35 of 2nd period - Steven Stamkos wins face-off versus Kris Vernarsky in neutral zone.
9:45 of 2nd period - Wrist shot by Bobby Ryan.
9:45 of 2nd period - Shot Misses the Net.
9:47 of 2nd period - Wrist shot by Steven Stamkos.
9:47 of 2nd period - Shot Misses the Net.
9:56 of 2nd period - Off-side.
9:57 of 2nd period - Sam Gagner wins face-off versus Frans Nielsen in neutral zone.
10:12 of 2nd period - Snap shot by Dustin Penner.
10:12 of 2nd period - Shot Blocked by Ryan Mcdonagh.
10:45 of 2nd period - Snap shot by Simon Gagné.
10:45 of 2nd period - Deflect By Christian Ehrhoff.
10:45 of 2nd period - Stopped by Steve Mason without a rebound.
10:46 of 2nd period - Ryan Kesler wins face-off versus Brayden Schenn in Predators zone.
10:57 of 2nd period - Snap shot by Byron Bitz.
10:57 of 2nd period - Stopped by Brian Elliott without a rebound.
10:58 of 2nd period - Ryan Kesler wins face-off versus Steven Stamkos in Penguins zone.
11:05 of 2nd period - Alexander Ovechkin is hit by Dion Phaneuf and loses puck.
11:06 of 2nd period - Alexander Ovechkin from Predators is injured at 11:06 of 2nd period (Right Leg).
11:07 of 2nd period - Ryan Kesler wins face-off versus Sam Gagner in Predators zone.
11:14 of 2nd period - Slapshot by Adam Burish.
11:14 of 2nd period - Shot Misses the Net.
11:16 of 2nd period - Slapshot by Ryan Mcdonagh.
11:16 of 2nd period - Deflect By Ryan Kesler.
11:16 of 2nd period - Stopped by Brian Elliott with a rebound.
11:18 of 2nd period - Snap shot by Adam Burish.
11:18 of 2nd period - Stopped by Brian Elliott with a rebound.
11:20 of 2nd period - Snap shot by Ryan Kesler.
11:20 of 2nd period - Shot Misses the Net.
12:01 of 2nd period - Icing by John Moore.
12:02 of 2nd period - Josef Vasicek wins face-off versus Alexander Steen in Predators zone.
12:28 of 2nd period - Wrist shot by Alexander Steen.
12:28 of 2nd period - Goal by Alexander Steen - Penguins : 0 - Predators : 1.
12:29 of 2nd period - Ryan Kesler wins face-off versus Steven Stamkos in neutral zone.
13:01 of 2nd period - Dustin Penner is hit by Kris Vernarsky and loses puck.
13:26 of 2nd period - Slapshot by Brian McGrattan.
13:26 of 2nd period - Shot Misses the Net.
13:46 of 2nd period - Snap shot by Nikita Alexeev.
13:46 of 2nd period - Goal by Nikita Alexeev - Penguins : 1 - Predators : 1.
13:47 of 2nd period - Steven Stamkos wins face-off versus Ryan Kesler in neutral zone.
14:00 of 2nd period - Slapshot by Alexander Edler.
14:00 of 2nd period - Stopped by Brian Elliott with a rebound.
14:02 of 2nd period - Slapshot by Alexander Edler.
14:02 of 2nd period - Shot Blocked by Paul Ranger.
14:11 of 2nd period - Icing by Dustin Penner.
14:12 of 2nd period - Kris Vernarsky wins face-off versus Sam Gagner in Penguins zone.
14:13 of 2nd period - Wrist shot by David Jones.
14:13 of 2nd period - Stopped by Brian Elliott without a rebound.
14:14 of 2nd period - Kris Vernarsky wins face-off versus Sam Gagner in Penguins zone.
14:37 of 2nd period - Slapshot by James Van Riemsdyk.
14:37 of 2nd period - Shot Blocked by Dustin Penner.
14:39 of 2nd period - Slapshot by James Van Riemsdyk.
14:39 of 2nd period - Shot Misses the Net.
14:41 of 2nd period - Slapshot by Alexander Edler.
14:41 of 2nd period - Deflect By Dion Phaneuf.
14:41 of 2nd period - Stopped by Brian Elliott with a rebound.
14:43 of 2nd period - Snap shot by Kris Vernarsky.
14:43 of 2nd period - Shot Hit the Post.
14:51 of 2nd period - Snap shot by David Jones.
14:51 of 2nd period - Stopped by Brian Elliott without a rebound.
14:52 of 2nd period - Ryan Kesler wins face-off versus Steven Stamkos in Penguins zone.
14:52 of 2nd period - Ryan Kesler is hit by Luke Schenn.
16:05 of 2nd period - Wrist shot by Sam Gagner.
16:05 of 2nd period - Stopped by Steve Mason with a rebound.
16:07 of 2nd period - Slapshot by Duncan Keith.
16:07 of 2nd period - Stopped by Steve Mason without a rebound.
16:08 of 2nd period - Steven Stamkos wins face-off versus Ryan Kesler in Predators zone.
16:18 of 2nd period - Minor Penalty to Adam Burish for Tripping.
16:19 of 2nd period - Ryan Kesler wins face-off versus Steven Stamkos in Predators zone.
16:19 of 2nd period - Ryan Kesler is hit by Max Pacioretty.
17:47 of 2nd period - Icing by Nathan Horton.
17:48 of 2nd period - Sam Gagner wins face-off versus David Jones in Penguins zone.
18:18 of 2nd period - Penalty to Adam Burish is over, Adam Burish is back on ice.
18:29 of 2nd period - Luke Schenn is hit by Shane Doan.
18:33 of 2nd period - Brett Clark is hit by Josef Vasicek and loses puck.
19:18 of 2nd period - Slapshot by Alexander Edler.
19:18 of 2nd period - Shot Blocked by Paul Ranger.
19:20 of 2nd period - Slapshot by Alexander Steen.
19:20 of 2nd period - Stopped by Brian Elliott without a rebound.
19:21 of 2nd period - Steven Stamkos wins face-off versus Ryan Kesler in Penguins zone.
19:26 of 2nd period - Snap shot by Byron Bitz.
19:26 of 2nd period - Stopped by Brian Elliott without a rebound.
19:27 of 2nd period - Ryan Kesler wins face-off versus Steven Stamkos in Penguins zone.
19:28 of 2nd period - Snap shot by Adam Burish.
19:28 of 2nd period - Stopped by Brian Elliott with a rebound.
Goals for this period are 1 for Penguins vs 1 for Predators.
Shots for this period are 7 for Penguins vs 13 for Predators.

3rd period


0:01 of 3rd period - Steven Stamkos wins face-off versus Ryan Kesler in neutral zone.
0:04 of 3rd period - Slapshot by Dion Phaneuf.
0:04 of 3rd period - Stopped by Steve Mason with a rebound.
0:26 of 3rd period - Dion Phaneuf is hit by James Van Riemsdyk and loses puck.
0:56 of 3rd period - Wrist shot by Brian McGrattan.
0:56 of 3rd period - Shot Misses the Net.
1:10 of 3rd period - Wrist shot by Alexander Steen.
1:10 of 3rd period - Stopped by Brian Elliott with a rebound.
1:12 of 3rd period - Slapshot by Christian Ehrhoff.
1:12 of 3rd period - Shot Blocked by Derek Joslin.
1:38 of 3rd period - Snap shot by Steven Stamkos.
1:38 of 3rd period - Stopped by Steve Mason with a rebound.
1:40 of 3rd period - Slapshot by Paul Ranger.
1:40 of 3rd period - Stopped by Steve Mason without a rebound.
1:41 of 3rd period - Sam Gagner wins face-off versus Frans Nielsen in Predators zone.
1:47 of 3rd period - Off-side.
1:48 of 3rd period - Sam Gagner wins face-off versus Frans Nielsen in neutral zone.
2:53 of 3rd period - Slapshot by Steve Sullivan.
2:53 of 3rd period - Stopped by Steve Mason without a rebound.
2:54 of 3rd period - Brayden Schenn wins face-off versus Andy Miele in Predators zone.
3:30 of 3rd period - Off-side.
3:31 of 3rd period - Nathan Horton wins face-off versus Alexander Steen in neutral zone.
3:33 of 3rd period - Dion Phaneuf is hit by Alexander Edler and loses puck.
3:58 of 3rd period - Max Pacioretty is hit by Byron Bitz and loses puck.
4:09 of 3rd period - Wrist shot by Bobby Ryan.
4:09 of 3rd period - Shot Blocked by Ryan Kesler.
4:43 of 3rd period - Snap shot by Josef Vasicek.
4:43 of 3rd period - Shot Blocked by John Moore.
4:45 of 3rd period - Slapshot by Luke Schenn.
4:45 of 3rd period - Deflect By Christian Ehrhoff.
4:45 of 3rd period - Stopped by Steve Mason without a rebound.
4:46 of 3rd period - Brayden Schenn wins face-off versus Ryan Kesler in Predators zone.
4:47 of 3rd period - Snap shot by Nikita Alexeev.
4:47 of 3rd period - Stopped by Steve Mason without a rebound.
4:48 of 3rd period - Ryan Kesler wins face-off versus Brayden Schenn in Predators zone.
4:48 of 3rd period - Ryan Kesler is hit by Nikita Alexeev.
5:00 of 3rd period - Slapshot by Sean Zimmerman.
5:00 of 3rd period - Stopped by Steve Mason without a rebound.
5:01 of 3rd period - Steven Stamkos wins face-off versus Ryan Kesler in Predators zone.
6:33 of 3rd period - Wrist shot by Bobby Ryan.
6:33 of 3rd period - Shot Misses the Net.
6:35 of 3rd period - Wrist shot by Paul Ranger.
6:35 of 3rd period - Shot Blocked by Andy Miele.
6:37 of 3rd period - Snap shot by Bobby Ryan.
6:37 of 3rd period - Shot Misses the Net.
7:01 of 3rd period - Frans Nielsen is hit by Brian McGrattan and loses puck.
7:34 of 3rd period - Snap shot by Steve Begin.
7:34 of 3rd period - Shot Misses the Net.
7:57 of 3rd period - Minor Penalty to Nathan Horton for Tripping.
7:58 of 3rd period - Ryan Kesler wins face-off versus Brayden Schenn in Penguins zone.
9:31 of 3rd period - John Moore is hit by Max Pacioretty and loses puck.
9:39 of 3rd period - Icing by Christian Ehrhoff.
9:40 of 3rd period - Brayden Schenn wins face-off versus David Jones in Predators zone.
9:57 of 3rd period - Penalty to Nathan Horton is over, Nathan Horton is back on ice.
10:10 of 3rd period - Wrist shot by Simon Gagné.
10:10 of 3rd period - Shot Blocked by Barret Jackman.
10:12 of 3rd period - Snap shot by Brian McGrattan.
10:12 of 3rd period - Shot Hit the Post.
10:14 of 3rd period - Snap shot by Brian McGrattan.
10:14 of 3rd period - Stopped by Steve Mason with a rebound.
10:16 of 3rd period - Snap shot by Josef Vasicek.
10:16 of 3rd period - Stopped by Steve Mason with a rebound.
10:48 of 3rd period - Snap shot by Nathan Horton.
10:48 of 3rd period - Shot Misses the Net.
12:47 of 3rd period - Backhand shot by Dion Phaneuf.
12:47 of 3rd period - Shot Blocked by Ryan Kesler.
12:49 of 3rd period - Snap shot by Josef Vasicek.
12:49 of 3rd period - Shot Misses the Net.
12:51 of 3rd period - Snap shot by Brian McGrattan.
12:51 of 3rd period - Shot Misses the Net.
12:53 of 3rd period - Snap shot by Brian McGrattan.
12:53 of 3rd period - Stopped by Steve Mason with a rebound.
13:09 of 3rd period - Snap shot by Steve Sullivan.
13:09 of 3rd period - Shot Misses the Net.
13:34 of 3rd period - Andy Miele is hit by Steven Stamkos and loses puck.
13:45 of 3rd period - Brian McGrattan is hit by Christian Ehrhoff.
13:49 of 3rd period - Josef Vasicek is hit by Christian Ehrhoff.
14:01 of 3rd period - Ryan Mcdonagh is hit by Nathan Horton and loses puck.
14:12 of 3rd period - Wrist shot by Sam Gagner.
14:12 of 3rd period - Stopped by Steve Mason without a rebound.
14:13 of 3rd period - Steven Stamkos wins face-off versus Kris Vernarsky in Predators zone.
14:36 of 3rd period - Adam Burish is hit by Sam Gagner and loses puck.
15:04 of 3rd period - Simon Gagné is hit by Steve Begin and loses puck.
15:17 of 3rd period - Paul Ranger is hit by Alexander Steen and loses puck.
15:22 of 3rd period - Snap shot by Alexander Steen.
15:22 of 3rd period - Shot Misses the Net.
15:24 of 3rd period - Slapshot by Alexander Edler.
15:24 of 3rd period - Deflect By Frans Nielsen.
15:24 of 3rd period - Shot Misses the Net.
15:24 of 3rd period - Puck is out of play.
15:25 of 3rd period - Steven Stamkos wins face-off versus Ryan Kesler in Penguins zone.
15:25 of 3rd period - Steven Stamkos is hit by Christian Ehrhoff.
15:31 of 3rd period - Byron Bitz is hit by Paul Ranger and loses puck.
15:39 of 3rd period - Minor Penalty to Byron Bitz for Hooking.
15:40 of 3rd period - Ryan Kesler wins face-off versus Steven Stamkos in Predators zone.
17:39 of 3rd period - Penalty to Byron Bitz is over, Byron Bitz is back on ice.
17:53 of 3rd period - Wrist shot by Byron Bitz.
17:53 of 3rd period - Stopped by Brian Elliott without a rebound.
17:54 of 3rd period - Brayden Schenn wins face-off versus Ryan Kesler in Penguins zone.
18:19 of 3rd period - Christian Ehrhoff is hit by Dustin Penner and loses puck.
18:35 of 3rd period - Off-side.
18:36 of 3rd period - Kris Vernarsky wins face-off versus Steven Stamkos in neutral zone.
18:51 of 3rd period - Snap shot by James Van Riemsdyk.
18:51 of 3rd period - Shot Misses the Net.
19:07 of 3rd period - Wrist shot by Josef Vasicek.
19:07 of 3rd period - Deflect By Simon Gagné.
19:07 of 3rd period - Stopped by Steve Mason with a rebound.
19:09 of 3rd period - Minor Penalty to Byron Bitz for Holding.
19:10 of 3rd period - Steven Stamkos wins face-off versus Ryan Kesler in Predators zone.
19:11 of 3rd period - Slapshot by Bobby Ryan.
19:11 of 3rd period - Shot Hit the Post.
19:22 of 3rd period - Icing by Bobby Ryan.
19:23 of 3rd period - Ryan Kesler wins face-off versus Steven Stamkos in Penguins zone.
19:26 of 3rd period - Snap shot by Ryan Kesler.
19:26 of 3rd period - Shot Blocked by Dion Phaneuf.
19:38 of 3rd period - Snap shot by Steven Stamkos.
19:38 of 3rd period - Stopped by Steve Mason without a rebound.
19:39 of 3rd period - Steven Stamkos wins face-off versus David Jones in Predators zone.
19:40 of 3rd period - Wrist shot by Bobby Ryan.
19:40 of 3rd period - Stopped by Steve Mason with a rebound.
Goals for this period are 0 for Penguins vs 0 for Predators.
Shots for this period are 14 for Penguins vs 2 for Predators.

Overtime #1


0:01 of 1st overtime period - David Jones wins face-off versus Steven Stamkos in neutral zone.
0:12 of 1st overtime period - Snap shot by David Jones.
0:12 of 1st overtime period - Stopped by Brian Elliott with a rebound.
0:14 of 1st overtime period - Snap shot by David Jones.
0:14 of 1st overtime period - Shot Misses the Net.
0:16 of 1st overtime period - Snap shot by David Jones.
0:16 of 1st overtime period - Shot Misses the Net.
1:09 of 1st overtime period - Penalty to Byron Bitz is over, Byron Bitz is back on ice.
3:28 of 1st overtime period - Luke Schenn is hit by David Jones.
Goals for this period are 0 for Penguins vs 0 for Predators.
Shots for this period are 0 for Penguins vs 1 for Predators.

ShootOut


5:00 of 1st overtime period - Penalty Shot by Max Pacioretty for Penguins.
5:00 of 1st overtime period - Snap shot by Max Pacioretty.
5:00 of 1st overtime period - Stopped by Steve Mason.
5:00 of 1st overtime period - Penalty Shot by Alexander Steen for Predators.
5:00 of 1st overtime period - Deke by Alexander Steen.
5:00 of 1st overtime period - Stopped by Brian Elliott.
5:00 of 1st overtime period - Penalty Shot by Bobby Ryan for Penguins.
5:00 of 1st overtime period - Deke by Bobby Ryan.
5:00 of 1st overtime period - Stopped by Steve Mason.
5:00 of 1st overtime period - Penalty Shot by Andy Miele for Predators.
5:00 of 1st overtime period - Wrist shot by Andy Miele.
5:00 of 1st overtime period - Stopped by Brian Elliott.
5:00 of 1st overtime period - Penalty Shot by Nathan Horton for Penguins.
5:00 of 1st overtime period - Backhand shot by Nathan Horton.
5:00 of 1st overtime period - Shot Misses the Net.
5:00 of 1st overtime period - Penalty Shot by Ryan Kesler for Predators.
5:00 of 1st overtime period - Deke by Ryan Kesler.
5:00 of 1st overtime period - Stopped by Brian Elliott.
5:00 of 1st overtime period - Penalty Shot by Steven Stamkos for Penguins.
5:00 of 1st overtime period - Wrist shot by Steven Stamkos.
5:00 of 1st overtime period - Shot Misses the Net.
5:00 of 1st overtime period - Penalty Shot by David Jones for Predators.
5:00 of 1st overtime period - Wrist shot by David Jones.
5:00 of 1st overtime period - Shot Misses the Net.
5:00 of 1st overtime period - Penalty Shot by Simon Gagné for Penguins.
5:00 of 1st overtime period - Backhand shot by Simon Gagné.
5:00 of 1st overtime period - Goal by Simon Gagné.
5:00 of 1st overtime period - Penalty Shot by Christian Ehrhoff for Predators.
5:00 of 1st overtime period - Deke by Christian Ehrhoff.
5:00 of 1st overtime period - Shot Misses the Net.